 Dungeon Crawl Stone Soup version 0.25-a0-290-g4a1327ee3a (console) character file.

Game seed: 11621305176495171559, levelgen mode: deterministic

35 Kagalorn the Insei (level 3, -4/26 HPs)
             Began as a Barachi Transmuter on Dec 14, 2019.
             Slain by a goblin
             ... wielding a +0 club
             ... led by Robin
              (7 damage)
             ... on level 2 of the Dungeon.
             The game lasted 00:02:11 (776 turns).

Kagalorn the Insei (Barachi Transmuter)              Turns: 776, Time: 00:02:11

Health: -4/26      AC:  2    Str: 11    XL:     3   Next: 35%
Magic:  6/6        EV: 12    Int: 14    God:
Gold:   76         SH:  0    Dex: 12    Spells: 5/6 levels left

rFire    . . .     SeeInvis .     - Unarmed
rCold    . . .     Gourm    .   (no shield)
rNeg     . . .     Faith    .   b - +0 robe
rPois    .         Spirit   .   (no helmet)
rElec    .         Reflect  .   (no cloak)
rCorr    .         Harm     .   (no gloves)
MR       .....                  (boots currently unavailable)
Stlth    +.........             (no amulet)
HPRegen  0.08/turn              (no ring)
MPRegen  0.10/turn              (no ring)

@: lethally poisoned (-4 -> -7), appendage (expiring), slow
A: +LOS, swims, talons 3, slowness 1, strong legs 1
a: Hop, End Transformation


You were on level 2 of the Dungeon.
You were not hungry.
You had grown temporary talons.
You visited 1 branch of the dungeon, and saw 2 of its levels.

You collected 76 gold pieces.

Inventory:

Armour
 b - a +0 robe (worn)
Scrolls
 a - 2 scrolls of remove curse {unknown}
 c - 3 scrolls of identify {unknown}
 f - 4 scrolls of teleportation {unknown}
 i - a scroll of enchant weapon {unknown}
Potions
 e - 3 potions of curing {unknown}
 h - a potion of berserk rage {unknown}
 j - a potion of agility {unknown}
Comestibles
 d - 2 rations
 g - a chunk of flesh


   Skills:
 - Level 1.2 Fighting
 - Level 2.1 Dodging
 * Level 4.5 Unarmed Combat
 - Level 2.1 Spellcasting
 * Level 2.6 Transmutations


You had 5 spell levels left.
You knew the following spells:

 Your Spells              Type           Power        Failure   Level  Hunger
a - Beastly Appendage     Tmut           #.....       8%          1    #......

Your spell library contained the following spells:

 Spells                   Type           Power        Failure   Level  Hunger
 Sticks to Snakes         Tmut           #.......     12%         2    ###....
 Spider Form              Tmut/Pois      #.........   38%         3    ###....
 Ice Form                 Ice/Tmut       #.......     80%         4    #####..
 Blade Hands              Tmut           #.........   91%         5    ######.


Dungeon Overview and Level Annotations

Branches:
Dungeon (2/15)

Altars:

Annotations:
D:2 Robin


Innate Abilities, Weirdness & Mutations

You can be seen from farther away. (+LOS)
You can swim through water.
You cover ground slowly.
You can hop short distances.
You have claws for feet.


Message History

A hobgoblin comes into view. It is wielding a +0 club.
The goblin barely misses you.
The hobgoblin shouts!
The goblin hits you but does no damage. Robin throws the goblin at you!
You hit the goblin but do no damage.
You feel sick.
The goblin unwields a +0 hunting sling.
The goblin barely misses you. x2
The goblin hits you with a +0 club.
The goblin barely misses you. x2; Robin throws the goblin at you!
* * * LOW HITPOINT WARNING * * *
A goblin comes into view.
The goblin hits you but does no damage. The goblin misses you.
The goblin completely misses you. Robin throws the goblin at you!
The goblin hits you with a cursed +0 club.
* * * LOW HITPOINT WARNING * * *
* * * LOW HITPOINT WARNING * * *
You feel sick.
The goblin shouts!
Robin throws the goblin at you! The goblin hits you with a +0 club!
You die...

######### ##...#...##
##.........####
#.............##
#..............####....
#...............#.#....
#.........#..........
######.......##g.........
#...##........@gg.......
#.........#####gg....#..
.##.....#.#####...g....#
#.........# ##..#g.....#
.......[.####..##..g...#
.......#.......#####.#######
..>###.#.####..#####(g.....#
.. #....#
#......#.(g.g..##gg .
#....###.####.(........ggg


You could see Robin, 2 hobgoblins and 7 goblins.

Vanquished Creatures
  An adder (D:2)
  An ooze (D:1)
  3 giant cockroaches (D:1)
  4 goblins (D:1)
  A hobgoblin (D:1)
  4 bats (D:1)
  4 frilled lizards (D:1)
  2 kobolds (D:1)
  4 rats (D:1)
24 creatures vanquished.

Notes
Turn   | Place    | Note
-------+----------+-------------------------------------------
     0 | D:1      | Kagalorn the Barachi Transmuter began the quest for the
                  | Orb.
     0 | D:1      | Reached XP level 1. HP: 15/15 MP: 3/3
   339 | D:1      | Reached XP level 2. HP: 21/21 MP: 3/5
   516 | D:1      | Reached skill level 4 in Unarmed Combat
   617 | D:1      | Reached XP level 3. HP: 22/26 MP: 6/6
   752 | D:2      | Noticed Robin
   776 | D:2      | Slain by a goblin

Levels and vault maps discovered:
D:1:      dpeg_arrival_stone_temple_mockup, layout_rooms
D:2:      layout_rooms, lemuel_coloured_pillars_altar,
          grunt_temple_overflow_diamond, uniq_robin, uniq_crazy_yiuf_cottage

Skill      XL: |  1  2 |
---------------+-------+-----
Unarmed Combat | 4 |  4.5
Fighting       | |  1.2
Dodging        | |  2.1
Spellcasting   | |  2.1
Transmutations | |  2.6

Action                   || total
-------------------------++-------
Melee: Unarmed           ||    93
       Headbutt          ||     3
       Kick              ||     6
       Punch             ||     2
 Cast: Beastly Appendage ||     9
Armor: Robe              ||    22
Dodge: Dodged            ||    81

Table legend:
 A = Non-vault XP
 B = Vault XP
 C = Vault XP percentage of total XP
 D = Non-vault monster count
 E = Vault monster count
 F = Vault count percentage of total count
                 A         B        C        D         E       F
            +---------+---------+-------+---------+---------+-------
      Total |      51 |       0 |   0.0 |      24 |       0 |   0.0
            +---------+---------+-------+---------+---------+-------
        D:1 |      37 |       0 |   0.0 |      23 |       0 |   0.0
        D:2 |      14 |       0 |   0.0 |       1 |       0 |   0.0
            +---------+---------+-------+---------+---------+-------
